 Dungeon Crawl Stone Soup version 0.30-a0-715-gdb4ae3ece1 (webtiles) character file.

Game seed: 8789673296440096635

247 Caratheodory the Trooper (level 6, -14/51 HPs)
             Began as a Formicid Monk on Jan 24, 2023.
             Demolished by an ogre
             ... wielding a +0 giant spiked club
              (28 damage)
             ... on level 4 of the Dungeon.
             The game lasted 00:07:28 (4043 turns).

Caratheodory the Trooper (Formicid Monk)            Turns: 4043, Time: 00:07:28

Health: -14/51     AC:  5    Str: 17    XL:     6   Next: 33%
Magic:  6/6        EV: 13    Int: 10    God:
Gold:   237        SH:  0    Dex: 19    Spells: 5/5 levels left

rFire   + . .      SeeInvis +    a - +0 mace
rCold   + . .      Faith    .    (no shield)
rNeg    . . .      Spirit   .    k - +0 leather armour
rPois   +          Reflect  .    (helmet unavailable)
rElec   .          Harm     .    (no cloak)
rCorr   +          Rampage  .    m - +0 pair of gloves "Deph" {rPois rF+ Will+ Dex+3}
Will    +....                    h - +0 pair of boots
Stlth   ++                       (no amulet)
HPRegen 0.28/turn                d - ring of resist corrosion
MPRegen 0.10/turn                q - ring of protection from cold

@: no status effects
A: permanent stasis, dig shafts and tunnels, antennae 3, four strong arms
a: Dig, Shaft Self


You were on level 4 of the Dungeon.
You visited 1 branch of the dungeon, and saw 4 of its levels.

You collected 237 gold pieces.

Inventory:

Hand Weapons
 a - a +0 mace (weapon)
Missiles
 f - 3 poisoned darts
Armour
 h - a +0 pair of boots (worn)
 k - a +0 leather armour (worn)
 m - the +0 pair of gloves "Deph" (worn) {rPois rF+ Will+ Dex+3}
   (You found it on level 2 of the Dungeon)

   Dex:       It affects your dexterity (+3).
   rF:        It protects you from fire.
   rPois:     It protects you from poison.
   Will:      It increases your willpower.
Jewellery
 d - a ring of resist corrosion (left hand)
 n - a ring of ice
 q - a ring of protection from cold (right hand)
 r - a ring of fire
Wands
 t - a wand of digging (4)
Scrolls
 e - a scroll of identify
 g - 2 scrolls of enchant armour
 i - a scroll of enchant weapon
 j - a scroll of poison
 l - 2 scrolls of immolation
 o - a scroll of summoning
 s - a scroll of torment
 u - a scroll of amnesia {unknown}
Potions
 b - a potion of resistance
 c - a potion of ambrosia
 p - 2 potions of curing


   Skills:
 + Level 5.0 Fighting
 + Level 4.5 Maces & Flails
 + Level 3.4 Armour
 - Level 2.6 Dodging
 - Level 2.4 Stealth


You had 5 spell levels left.
You didn't know any spells.
Your spell library contained the following spells:

 Spells                   Type           Power      Damage    Failure   Level
 Vhi's Electric Charge    Tloc/Air       0%         N/A       80%         3
 Arcjolt                  Conj/Air       0%         1d10      100%        5
 Maxwell's Capacitive Co  Air            0%         ∞         100%        8


Dungeon Overview and Level Annotations

Branches:
Dungeon (4/15)
 Temple: D:4-7

Altars:

Shops:
D:2 (


Innate Abilities, Weirdness & Mutations

You cannot be hasted, slowed, berserked, paralysed or teleported.
You can dig through walls and to a lower floor.
You have a pair of large antennae on your head. (SInv)
Your four strong arms can wield two-handed weapons with a shield.


Message History

The orc barely misses you.
You sock the orc!
You kill the orc!
The orc hits you but does no damage.
Your Fighting skill increases to level 5!
You hit the orc.
The orc is severely wounded.
The orc misses you. The orc hits you with a +0 dagger.
You closely miss the orc.
The orc is severely wounded.
The orc completely misses you. The orc hits you but does no damage.
You barely miss the orc.
The orc is severely wounded.
The orc completely misses you. The orc misses you.
You hit the orc but do no damage.
The orc is severely wounded.
The orc completely misses you. The orc hits you but does no damage.
You hit the orc but do no damage.
The orc is severely wounded.
The orc hits you but does no damage. x2; The orc closely misses you. x2
You hit the orc but do no damage.
The orc is severely wounded.
The orc hits you with a +0 short sword. The orc hits you but does no damage.
You sock the orc!
You kill the orc!
You sock the orc!
You kill the orc!
You sock the ogre! Your punch misses the ogre.
The ogre is moderately wounded.
The ogre barely misses you.
You hit the ogre.
The ogre is heavily wounded.
The ogre hits you with a +0 giant spiked club!!!
Ouch! That really hurt!
* * * LOW HITPOINT WARNING * * *
You hit the ogre.
The ogre is heavily wounded.
The ogre hits you with a +0 giant spiked club!!
Ouch! That really hurt!
You die...

#.#......#..
#...........
##..#........
##..##........ #
##.............
.#.
#..............
....
#o........####o
#..###O#......##
#....)@8#.....#
#.##.###......#
#..........## #.
###.........####..
#...............
#................
#....##..........
##.#..#..........
#.#............


You could see an ogre and an orc.

Vanquished Creatures
  Menkaure (D:4)
  3 gnolls (D:3)
  2 adders
  2 worms (D:2)
  11 orcs
  5 endoplasms
  6 giant cockroaches
  3 hobgoblins
  8 jackals (D:1)
  6 kobolds
  2 quokkas
  3 ball pythons
  A bat (D:2)
  A frilled lizard (D:1)
  4 goblins (D:1)
  3 rats
61 creatures vanquished.

Notes
Turn   | Place    | Note
-------+----------+-------------------------------------------
     0 | D:1      | Caratheodory the Formicid Monk began the quest for the Orb.
     0 | D:1      | Reached XP level 1. HP: 18/18 MP: 1/1
   223 | D:1      | Reached XP level 2. HP: 22/24 MP: 2/2
   277 | D:1      | Reached skill level 1 in Armour
   416 | D:1      | Reached XP level 3. HP: 22/30 MP: 3/3
   542 | D:1      | You fall into a shaft and drop 1 floor!
  1407 | D:2      | Found Zolebu Ticho's Antique Weapon Shoppe.
  1427 | D:2      | Identified the +0 pair of gloves "Deph" {rPois rF+ Will+
                  | Dex+3}
  1919 | D:2      | Reached skill level 4 in Fighting
  1919 | D:2      | Reached XP level 4. HP: 36/37 MP: 4/4
  3099 | D:3      | Reached XP level 5. HP: 42/42 MP: 5/5
  3838 | D:4      | Noticed Menkaure
  3861 | D:4      | Killed Menkaure
  3862 | D:4      | Reached XP level 6. HP: 41/50 MP: 6/6
  3963 | D:4      | Noticed an ogre
  4033 | D:4      | Reached skill level 5 in Fighting
  4043 | D:4      | Demolished by an ogre

Illustrated notes

Levels and vault maps discovered:
D:1:      saegor_arrival_under_anarchy, layout_basic, serial_rivers,
          chequers_serial_rivers_marsh, chequers_serial_rivers_small_3,
          chequers_serial_rivers_micro_b, chequers_serial_rivers_micro_d
D:2:      layout_basic, serial_shops, shop
D:3:      layout_basic, nicolae_concentric_dashed_squares_wild,
          grunt_decor_resistance
D:4:      layout_basic, chequers_garden, kennysheep_decorative_pillar,
          uniq_menkaure

Skill      XL: |  1  2  3  4  5  6 |
---------------+-------------------+-----
Armour         | 1 2 3 |  3.4
Fighting       | 4 5 |  5.0
Maces & Flails | 4 |  4.5
Dodging        | |  2.6
Stealth        | |  2.4

Action                     |  1- 3 |  4- 6 || total
---------------------------+-------+-------++-------
  Melee: Mace              |   121 |   124 ||   245
         Punch             |     2 |     1 ||     3
    Use: Scroll            |       |     8 ||     8
   Stab: Sleeping          |     7 |     2 ||     9
 Armour: Robe              |     9 |       ||     9
         Leather armour    |    10 |    38 ||    48
  Dodge: Dodged            |    72 |    91 ||   163

Table legend: (Time is in decaauts)
 A = Elapsed time spent in this place.
 B = Non-inter-level travel time spent in this place.
 C = Inter-level travel time spent in this place.
 D = Time resting spent in this place.
 E = Time spent auto-exploring this place.
 F = Levels seen in this place.
 G = Mean time per level.
                   A        B        C        D        E       F      G
               +--------+--------+--------+--------+--------+-----+--------+
         Total |   4110 |   3959 |    151 |      0 |   3144 |   4 | 1027.5 |
       Dungeon |   4110 |   3959 |    151 |      0 |   3144 |   4 | 1027.5 |
               +--------+--------+--------+--------+--------+-----+--------+

Top non-repeatable levels by time:
     D:2: 1352 daAuts
     D:3: 1299 daAuts
     D:1: 1117 daAuts
     D:4: 341 daAuts
